 Dungeon Crawl Stone Soup version 0.28.0-53-g5a82cb258f (webtiles) character file.

Game seed: 2364662794230791164

4019 nickcage the Frost Mage (level 10, -3/69 HPs)
             Began as a Yellow Draconian Ice Elementalist on May 25, 2022.
             Was an Initiate of Vehumet.
             Slain by a vampire (11 damage)
             ... on level 9 of the Dungeon.
             The game lasted 00:25:07 (9951 turns).

nickcage the Frost Mage (DrIE)                      Turns: 9951, Time: 00:25:07

Health: -3/69      AC: 10    Str: 10    XL:     10   Next: 3%
Magic:  16/19      EV: 12    Int: 19    God:    Vehumet [......]
Gold:   84         SH:  0    Dex: 13    Spells: 10/21 levels left

rFire   . . .      SeeInvis .   j - +2 rapier (venom)
rCold   . . .      Faith    .   (no shield)
rNeg    . . .      Spirit   .   (armour unavailable)
rPois   .          Reflect  .   (helmet restricted)
rElec   .          Harm     .   f - +0 cloak
rCorr   +          Rampage  .   (no gloves)
Will    .....                   p - +1 pair of boots
Stlth   +.........              v - amulet of magic regeneration
HPRegen 0.21/turn               o - +4 ring of slaying
MPRegen 0.56/turn               (no ring)

@: confused, attractive, flying
A: spit acid, AC +7, unfitting armour, cold-blooded, acid resistance
a: Breathe Acid, Renounce Religion


You were on level 9 of the Dungeon.
You worshipped Vehumet.
Vehumet was noncommittal.
You visited 2 branches of the dungeon, and saw 10 of its levels.

You collected 504 gold pieces.
You spent 420 gold pieces at shops.

Inventory:

Hand Weapons
 a - a +0 dagger
 c - a +0 double sword
 g - a +2 dagger of flaming
 j - a +2 rapier of venom (weapon)
Armour
 f - a +0 cloak (worn)
 n - a +0 buckler
 p - a +1 pair of boots (worn)
Jewellery
 o - a +4 ring of slaying (left hand)
 v - an amulet of magic regeneration (around neck)
 y - a ring of ice
Wands
 h - a wand of charming (6)
 x - a wand of digging (3)
Scrolls
 d - 2 scrolls of noise
 e - a scroll of enchant weapon
 l - a scroll of teleportation
 s - a scroll of fog
 t - a scroll of vulnerability {unknown}
 u - 2 scrolls of identify
 w - a scroll of blinking {unknown}
Potions
 b - 3 potions of curing
 i - a potion of brilliance
 k - 2 potions of resistance
 q - a potion of flight
 z - a potion of haste {unknown}
 A - a potion of berserk rage {unknown}


   Skills:
 - Level 1.7 Dodging
 - Level 1.7 Stealth
 + Level 6.2 Spellcasting
 * Level 5.7 Conjurations
 + Level 12.2 Ice Magic


You had 10 spell levels left.
You knew the following spells:

 Your Spells              Type           Power      Damage    Failure   Level
a - Freeze                Ice            100%       1d11      1%          1
b - Frozen Ramparts       Ice            100%       1d12      1%          3
c - Ozocubu's Armour      Ice            51%        N/A       1%          3
d - Hailstorm             Conj/Ice       40%        3d10      2%          4

Your spell library contained the following spells:

 Spells                   Type           Power      Damage    Failure   Level
 Apportation              Tloc           10%        N/A       11%         1
 Call Canine Familiar     Summ           5%         N/A       32%         3
 Inner Flame              Hex/Fire       5%         N/A       32%         3
 Portal Projectile        Hex/Tloc       10%        N/A       32%         3
 Cause Fear               Hex            2%         N/A       73%         4
 Leda's Liquefaction      Hex/Erth       2%         N/A       73%         4
 Alistair's Intoxication  Tmut/Pois      3%         N/A       97%         5
 Discord                  Hex            2%         N/A       100%        8


Dungeon Overview and Level Annotations

Branches:
Dungeon (9/15)             Temple (1/1) D:7
   Lair: D:8-11         Orc: D:9-12

Altars:
Ashenzari
Dithmenos
Elyvilon
Fedhas
Gozag
Hepliaklqana
Nemelex Xobeh
Okawaru
Qazlal
Vehumet
Xom
Yredelemnul

Shops:
D:1 (   D:8 =


Innate Abilities, Weirdness & Mutations

You can spit globs of acid.
Your golden yellow scales are hard. (AC +7)
You cannot fit into any form of body armour.
You are cold-blooded and may be slowed by cold attacks.
You are resistant to acid. (rCorr)


Message History

Aim: Disturbance (grey smoke)
You freeze something.
The wall freezes something.
Something hits you! Something bites you but does no damage.
Casting: Freeze (safe; 1% risk of failure)
Confirm with . or Enter, or press ? or * to list all spells.
Aiming: Freeze (safe; 1% risk of failure)
Press: ? - help, Shift-Dir - straight line
Aim: Disturbance (grey smoke)
You freeze something.
The wall freezes something.
Something hits you. Something bites you.
Something draws strength from your injuries!
Casting: Freeze (safe; 1% risk of failure)
Confirm with . or Enter, or press ? or * to list all spells.
Aiming: Freeze (safe; 1% risk of failure)
Press: ? - help, Shift-Dir - straight line
Aim: Disturbance (grey smoke)
You freeze something.
The wall freezes something.
You hear some strange, mumbled words.
You are confused.
Okay, then.
You are too confused!
It was a potion of flight.
You feel very buoyant.
You fly up into the air.
The wall freezes something.
Something hits you but does no damage. Something bites you but does no damage.
It was a potion of attraction.
You feel attractive to monsters.
The wall freezes something.
Something hits you. Something completely misses you.
Your icy armour and frozen ramparts will break if you move.
Continue?
Your icy armour cracks and falls away as you move.
The frozen ramparts melt away as you move.
Something hits you. Something barely misses you.
You bump into the stone wall.
Something hits you! Something bites you!
* * * LOW HITPOINT WARNING * * *
Something draws strength from your injuries!
Something hits you.
* * * LOW HITPOINT WARNING * * *
Something bites you!
You die...

#+### #...
#+##.#
#§§{§###
##@#...#
#.###§##..#
#...§§...<#
##.###.####
# #...#
#...# ###.#
#.. ###


There were no monsters in sight!

Vanquished Creatures
  A cyclops (D:6)
  A centaur zombie (D:5)
  A hornet (D:8)
  2 wyverns (D:8)
  Eustachio (D:4)
  2 water moccasins
  3 orc warriors
  A black bear (D:8)
  A sky beast (D:4)
  4 necrophages
  2 centaurs
  2 phantoms
  4 bullfrogs
  A scorpion (D:5)
  2 wyvern zombies (D:8)
  4 wights (D:8)
  A jelly (D:7)
  A human zombie (D:8)
  A hound (D:5)
  4 orc priests
  2 bullfrog skeletons
  Crazy Yiuf (D:6)
  An iguana (D:4)
  7 orc wizards
  3 killer bee zombies
  A hound skeleton (D:4)
  4 mummies (D:8)
  4 adders
  A howler monkey skeleton (D:5)
  A worm (D:4)
  2 dart slugs
  25 orcs
  3 endoplasms
  3 giant cockroaches
  8 goblins
  7 hobgoblins
  4 jackals (D:2)
  2 quokkas
  9 ball pythons
  2 bats (D:1)
  2 frilled lizards (D:1)
  6 kobolds
  6 rats
143 creatures vanquished.

Notes
Turn   | Place    | Note
-------+----------+-------------------------------------------
     0 | D:1      | nickcage the Draconian Ice Elementalist began the quest for
                  | the Orb.
     0 | D:1      | Reached XP level 1. HP: 14/14 MP: 3/3
   503 | D:1      | Reached XP level 2. HP: 20/20 MP: 3/5
   683 | D:1      | Found Lowas's Antique Weapon Boutique.
  1336 | D:2      | Reached XP level 3. HP: 24/26 MP: 3/6
  1536 | D:2      | Found a faded altar of an unknown god.
  1776 | D:2      | Learned a level 3 spell: Frozen Ramparts
  1780 | D:2      | Learned a level 3 spell: Ozocubu's Armour
  2304 | D:3      | Reached XP level 4. HP: 28/33 MP: 6/8
  2400 | D:3      | Reached skill level 5 in Ice Magic
  3223 | D:4      | Noticed Eustachio
  3462 | D:4      | Noticed a sky beast
  3469 | D:4      | Killed a sky beast
  3470 | D:4      | Reached XP level 5. HP: 38/38 MP: 0/11
  3561 | D:4      | Learned a level 4 spell: Hailstorm
  3834 | D:4      | Killed Eustachio
  3835 | D:4      | Reached skill level 6 in Ice Magic
  3835 | D:4      | Reached XP level 6. HP: 25/45 MP: 1/12
  4441 | D:4      | Reached skill level 7 in Ice Magic
  4536 | D:5      | Entered Level 5 of the Dungeon
  4863 | D:5      | Your scales start taking on a golden yellow colour.
  4863 | D:5      | Reached XP level 7. HP: 46/50 MP: 9/13
  4863 | D:5      | Gained mutation: You are resistant to acid. (rCorr) [Yellow
                  | Draconian growth]
  4994 | D:5      | Reached skill level 1 in Conjurations
  4994 | D:5      | Reached skill level 8 in Ice Magic
  5305 | D:5      | Reached skill level 9 in Ice Magic
  5305 | D:5      | Reached XP level 8. HP: 30/57 MP: 11/14
  5728 | D:6      | Noticed a cyclops
  5757 | D:6      | Killed a cyclops
  5758 | D:6      | Reached skill level 10 in Ice Magic
  6213 | D:6      | Found a blossoming altar of Fedhas.
  6799 | D:6      | Found a runed translucent door.
  6800 | D:6      | Noticed Crazy Yiuf
  6808 | D:6      | Killed Crazy Yiuf
  7339 | D:7      | Reached XP level 9. HP: 59/62 MP: 15/15
  7397 | D:7      | Reached skill level 11 in Ice Magic
  7675 | D:7      | Found a staircase to the Ecumenical Temple.
  7684 | Temple   | Entered the Ecumenical Temple
  7858 | Temple   | Became a worshipper of Vehumet
  8196 | D:8      | Found Enuedup's Jewellery Shop.
  8199 | D:8      | Bought an amulet of magic regeneration for 420 gold pieces
  8233 | D:8      | Paralysed by a hornet for 2 turns
  8395 | D:8      | Reached skill level 5 in Spellcasting
  8395 | D:8      | Reached skill level 5 in Conjurations
  8926 | D:8      | Reached skill level 12 in Ice Magic
  9346 | D:8      | Found a basalt altar of Yredelemnul.
  9874 | D:8      | Reached XP level 10. HP: 68/69 MP: 17/19
  9951 | D:9      | Slain by a vampire

Illustrated notes

Levels and vault maps discovered:
D:1:      beargit_arrival_diablo_church, layout_basic, serial_shops, shop
D:2:      layout_loops_ring, ebering_ecumenical_altar_webs
D:3:      layout_loops_cross
D:4:      layout_loops_corners, uniq_eustachio
D:5:      layout_gridville, minmay_misc_feat_hallway
D:6:      layout_basic, fedhas_bush_and_centaur_altar, uniq_crazy_yiuf_cottage
D:7:      layout_loops_corners, minmay_temple_entry_mini_moons,
          minmay_quadrilaterals
D:8:      layout_loops_ring, lemuel_mausoleum_altar_yredelemnul, serial_shops,
          kennysheep_mini, ldierk_geyser
D:9:      nicolae_cairo_tiling_large, layout_basic, uniq_erolcha
Temple:   mainiacjoe_temple_big_plus

Skill      XL: |  1  2  3  4  5  6  7  8  9 |
---------------+----------------------------+-----
Spellcasting   | 3 4 6 |  6.2
Ice Magic      | 5 6 7 9 10 12 | 12.2
Conjurations   | 2 4 5 |  5.7
Dodging        | |  1.7
Stealth        | |  1.7

Action                   |  1- 3 |  4- 6 |  7- 9 | 10-12 || total
-------------------------+-------+-------+-------+-------++-------
Melee: Dagger            |    29 |    15 |       |       ||    44
       Tailslap          |     4 |     8 |    27 |     1 ||    40
       Rapier            |       |    36 |   182 |     1 ||   219
       Punch             |       |       |     4 |       ||     4
 Cast: Freeze            |    51 |    30 |    30 |     7 ||   118
       Frozen Ramparts   |       |     7 |    11 |     1 ||    19
       Ozocubu's Armour  |       |     4 |    12 |     1 ||    17
       Hailstorm         |       |       |     4 |       ||     4
 Abil: Breathe Acid      |       |       |     2 |       ||     2
  Use: Scroll            |       |     1 |     7 |     2 ||    10
       Potion            |       |     1 |       |     2 ||     3
 Stab: Sleeping          |     4 |     2 |     3 |     1 ||    10
Armor: Skin              |    21 |    20 |    93 |    10 ||   144
Dodge: Dodged            |    41 |    43 |   144 |     3 ||   231
